 Dungeon Crawl Stone Soup version 0.29-a0-643-ga013cefcf8 (webtiles) character file.

Game seed: 13144735764259595740

58 happo123 the Caller (level 4, -1/35 HPs)
             Began as a Hill Orc Summoner on June 19, 2022.
             Slain by a killer bee (3 damage)
             ... on level 4 of the Dungeon.
             The game lasted 00:19:52 (2259 turns).

happo123 the Caller (Hill Orc Summoner)             Turns: 2259, Time: 00:19:54

Health: -1/35      AC:  6    Str: 10    XL:     4   Next: 1%
Magic:  2/7        EV: 11    Int: 20    God:
Gold:   174        SH:  0    Dex: 11    Spells: 3/7 levels left

rFire   + . .      SeeInvis .   o - +3 spear of Nod Vois {elec, Int+3}
rCold   x . .      Faith    .   (no shield)
rNeg    . . .      Spirit   .   n - +0 leather armour
rPois   .          Reflect  .   (no helmet)
rElec   .          Harm     .   (no cloak)
rCorr   .          Rampage  .   u - +1 pair of gloves {infuse}
Will    .....                   v - +0 pair of boots
Stlth   ++........              (no amulet)
HPRegen 0.11/turn               f - ring of fire
MPRegen 0.10/turn               (no ring)

@: brilliant, lethally poisoned (-1 -> -4)
A: no striking features
a: no special abilities


You were on level 4 of the Dungeon.
You visited 1 branch of the dungeon, and saw 4 of its levels.

You collected 174 gold pieces.

Inventory:

Hand Weapons
 g - a +0 mace
 m - a +0 hand axe
 o - the +3 spear of Nod Vois (weapon) {elec, Int+3}
   (You found it on level 2 of the Dungeon)

   It occasionally discharges a powerful burst of electricity upon striking a
   foe.
   Int:       It affects your intelligence (+3).
Armour
 a - a +0 robe
 n - a +0 leather armour (worn)
 u - a +1 pair of gloves of infusion (worn)
 v - a +0 pair of boots (worn)
Jewellery
 f - a ring of fire (left hand)
Scrolls
 e - a scroll of enchant armour {unknown}
 i - 7 scrolls of identify {unknown}
 k - a scroll of blinking {unknown}
 p - 2 scrolls of amnesia {unknown}
 q - a scroll of brand weapon {unknown}
 s - 5 scrolls of teleportation {unknown}
Potions
 b - 2 potions of magic
 c - a potion of degeneration {unknown}
 d - 2 potions of curing {unknown}
 h - 3 potions of brilliance
 j - a potion of attraction {unknown}
 l - a potion of haste {unknown}
 r - 2 potions of mutation {unknown}
 t - a potion of might {unknown}


   Skills:
 + Level 1.0 Fighting
 + Level 0.5 Axes
 + Level 0.1 Armour
 + Level 1.9 Dodging
 - Level 2.0 Stealth
 * Level 2.2 Spellcasting
 * Level 4.4 Summonings


You had 3 spell levels left.
You knew the following spells:

 Your Spells              Type           Power      Damage    Failure   Level
a - Summon Small Mammal   Summ           100%       N/A       3%          1
b - Call Canine Familiar  Summ           29%        N/A       11%         3

Your spell library contained the following spells:

 Spells                   Type           Power      Damage    Failure   Level
 Call Imp                 Summ           29%        N/A       5%          2
 Summon Guardian Golem    Hex/Summ       16%        N/A       26%         3
 Portal Projectile        Hex/Tloc       6%         N/A       54%         3
 Summon Lightning Spire   Summ/Air       16%        N/A       63%         4
 Leda's Liquefaction      Hex/Erth       1%         N/A       91%         4


Dungeon Overview and Level Annotations

Branches:
Dungeon (4/15)
 Temple: D:4-7

Altars:
Sif Muna

Shops:
D:3 =*


Message History

The killer bee closely misses you.
Your hound bites the adder.
The killer bee attacks as you move away!
The killer bee stings you.
You are poisoned.
The killer bee poisons you!
You feel very sick. The killer bee closely misses you.
The adder barely misses your hound.
Your hound misses the adder. The killer bee stings you.
The killer bee barely misses your hound.
You feel sick. The killer bee barely misses you.
Your hound closely misses the killer bee.
Something bites your hound. The killer bee stings you.
You are more poisoned.
The killer bee poisons you! The killer bee misses you.
The killer bee barely misses your hound.
Your hound bites the killer bee.
Something misses your hound.
You feel very sick.
Your hound closely misses the killer bee.
Something closely misses your hound. The killer bee misses you.
A killer bee comes into view.
The killer bee closely misses you.
You feel very sick. The killer bee stings you.
* * * LOW HITPOINT WARNING * * *
Your hound misses the killer bee.
* * * LOW HITPOINT WARNING * * *
You feel sick.
The killer bee attacks as you move away!
The killer bee barely misses you.
* * * LOW HITPOINT WARNING * * *
You feel sick. Something misses your hound. The killer bee closely misses you.
Your hound bites the killer bee.
It was a potion of brilliance.
You feel clever all of a sudden.
* * * LOW HITPOINT WARNING * * *
You feel sick. The killer bee barely misses you.
The killer bee misses your hound.
Your hound closely misses the killer bee.
The killer bee stings you.
You die...

#......##.......##
#......+.........+
###...##.........#
#+#.#...........#
##.#####.......###
#...##.#'#...#+#
#.#.##...#####
#.#.'......# #
#@###......#
..#######y##.......#
#....y.yy##.......+
#.....h####.......#
#....Sy# ##......#
#......###.+......#
#.....y'S..##...###
#......###.##.#+#
.......## ###


You could see 4 killer bees, an adder (distracted) and a friendly hound
(summoned, very poisoned).

Vanquished Creatures
  A dart slug (D:1)
  An orc (D:3)
  3 endoplasms
  A giant cockroach (D:4)
  3 goblins
  A hobgoblin (D:3)
  A jackal (D:2)
  2 kobolds
  2 quokkas
  3 frilled lizards
  2 rats (D:3)
20 creatures vanquished.

Vanquished Creatures (collateral kills)
  A worm (D:2)
  A dart slug (D:1)
  An orc (D:3)
  An endoplasm (D:3)
  A giant cockroach (D:1)
  6 goblins
  2 hobgoblins
  2 jackals (D:2)
  2 quokkas
  A ball python (D:1)
  A frilled lizard (D:1)
  2 kobolds
21 creatures vanquished.

Vanquished Creatures (others)
  A plant (D:1)
1 creature vanquished.

Grand Total: 42 creatures vanquished

Notes
Turn   | Place    | Note
-------+----------+-------------------------------------------
     0 | D:1      | happo123 the Hill Orc Summoner began the quest for the Orb.
     0 | D:1      | Reached XP level 1. HP: 14/14 MP: 3/3
   500 | D:1      | Reached XP level 2. HP: 18/22 MP: 1/4
   746 | D:1      | Found a faded altar of an unknown god.
  1123 | D:2      | Reached XP level 3. HP: 19/27 MP: 4/6
  1127 | D:2      | Learned a level 3 spell: Call Canine Familiar
  1532 | D:2      | Found a shimmering blue altar of Sif Muna.
  1548 | D:2      | Identified the +3 spear of Nod Vois {elec, Int+3}
  1716 | D:3      | Found Amykurph's General Store.
  1753 | D:3      | Found Goeplino's Jewellery Boutique.
  1794 | D:3      | Reached skill level 1 in Fighting
  2176 | D:4      | Reached XP level 4. HP: 32/35 MP: 0/7
  2259 | D:4      | Slain by a killer bee

Illustrated notes

Levels and vault maps discovered:
D:1:      evilmike_arrival_plus, layout_basic,
          dilly_ecumenical_altar_fadedgnrine
D:2:      layout_basic, basic_altar
D:3:      layout_rooms, serial_shops, shop_fountains, nicolae_shop_trees
D:4:      nicolae_cairo_tiling_very_big, layout_basic,
          minmay_temple_entry_mini_moons

Skill      XL: |  1  2  3 |
---------------+----------+-----
Spellcasting   | 2 |  2.2
Fighting       | 1 |  1.0
Stealth        | 2 |  2.0
Axes           | |  0.5
Armour         | |  0.1
Dodging        | |  1.9
Summonings     | |  4.4

Action                   |  1- 3 |  4- 6 || total
-------------------------+-------+-------++-------
Melee: Unarmed           |    22 |       ||    22
       Mace              |    30 |       ||    30
       Punch             |     1 |       ||     1
       Spear             |    26 |     5 ||    31
       Hand axe          |    11 |       ||    11
 Cast: Summon Small Mamm |    30 |     2 ||    32
       Call Canine Famil |     5 |     1 ||     6
  Use: Potion            |       |     1 ||     1
 Stab: Sleeping          |     1 |       ||     1
Armor: Robe              |    14 |       ||    14
       Leather armour    |     4 |       ||     4
Dodge: Dodged            |    47 |    13 ||    60

Table legend: (Time is in decaauts)
 A = Elapsed time spent in this place.
 B = Non-inter-level travel time spent in this place.
 C = Inter-level travel time spent in this place.
 D = Time resting spent in this place.
 E = Time spent auto-exploring this place.
 F = Levels seen in this place.
 G = Mean time per level.
                   A        B        C        D        E       F      G
               +--------+--------+--------+--------+--------+-----+--------+
         Total |   2275 |   1081 |   1194 |    217 |    369 |   4 |  568.8 |
       Dungeon |   2275 |   1081 |   1194 |    217 |    369 |   4 |  568.8 |
               +--------+--------+--------+--------+--------+-----+--------+

Top non-repeatable levels by time:
     D:1: 1115 daAuts
     D:2: 591 daAuts
     D:3: 389 daAuts
     D:4: 178 daAuts
